 Dungeon Crawl Stone Soup version 0.27.1 (webtiles) character file.

Game seed: 11557963836799644664

583 Renzlar the Shield-Bearer (level 7, -10/60 HPs)
             Began as a Gnoll Fighter on Aug 23, 2021.
             Mangled by a wyvern (15 damage)
             ... on level 4 of the Dungeon.
             The game lasted 00:08:35 (2948 turns).

Renzlar the Shield-Bearer (Gnoll Fighter)           Turns: 2948, Time: 00:08:36

Health: -10/60     AC:  7    Str: 17    XL:     7   Next: 37%
Magic:  10/10      EV:  8    Int:  8    God:
Gold:   104        SH: 11    Dex: 11    Spells: 10/10 levels left

rFire    . . .     SeeInvis .   a - +0 war axe
rCold    . . .     Faith    .   o - +1 kite shield
rNeg     . . .     Spirit   .   b - +0 scale mail
rPois    .         Reflect  .   (no helmet)
rElec    .         Harm     .   k - scarf {repulsion}
rCorr    .         Rampage  .   (no gloves)
Will     .....                  (no boots)
Stlth    +.........             (no amulet)
HPRegen  0.20/turn              (no ring)
MPRegen  0.12/turn              (no ring)

@: repel missiles
A: fangs 1, strong nose, distributed training
a: no special abilities


You were on level 4 of the Dungeon.
You visited 1 branch of the dungeon, and saw 4 of its levels.

You collected 104 gold pieces.

Inventory:

Hand Weapons
 a - a +0 war axe (weapon)
 c - a +0 hunting sling
 g - a +1 vampiric short sword
Missiles
 e - 151 stones (quivered)
 n - 14 bolts
Armour
 b - a +0 scale mail (worn)
 k - a scarf of repulsion (worn)
 o - a +1 kite shield (worn)
Potions
 f - 3 potions of degeneration {unknown}
 h - a potion of attraction {unknown}
 i - 2 potions of brilliance {unknown}
 l - a potion of invisibility {unknown}
 m - a potion of lignification {unknown}
 p - a potion of heal wounds {unknown}


   Skills:
 + Level 7.0 Fighting
 + Level 2.4 Short Blades
 + Level 2.4 Long Blades
 + Level 5.2 Axes
 + Level 2.4 Maces & Flails
 + Level 2.4 Polearms
 + Level 2.4 Staves
 + Level 2.4 Slings
 + Level 2.4 Bows
 + Level 2.4 Crossbows
 + Level 2.4 Throwing
 + Level 7.0 Armour
 + Level 2.4 Dodging
 + Level 2.4 Stealth
 + Level 7.0 Shields
 + Level 2.4 Unarmed Combat
 + Level 2.4 Spellcasting
 + Level 2.0 Conjurations
 + Level 2.0 Hexes
 + Level 2.0 Summonings
 + Level 2.0 Necromancy
 + Level 2.0 Translocations
 + Level 2.0 Transmutations
 + Level 2.0 Fire Magic
 + Level 2.0 Ice Magic
 + Level 2.0 Air Magic
 + Level 2.0 Earth Magic
 + Level 2.0 Poison Magic
 + Level 2.7 Invocations
 + Level 2.4 Evocations


You had 10 spell levels left.
You didn't know any spells.
Your spell library contained the following spells:

 Spells                   Type           Power      Damage    Failure   Level
 Shock                    Conj/Air       16%        1d4       77%         1
 Ignite Poison            Fire/Tmut/Pois 4%         N/A       98%         3
 Mephitic Cloud           Conj/Pois/Air  4%         N/A       98%         3
 Swiftness                Air            4%         N/A       98%         3
 Airstrike                Air            2%         N/A       100%        4
 Bolt of Magma            Conj/Fire/Erth 2%         4d4       100%        5


Dungeon Overview and Level Annotations

Branches:
Dungeon (4/15)
 Temple: D:4-7

Altars:
Qazlal
Xom

Shops:
D:3 [


Innate Abilities, Weirdness & Mutations

You have very sharp teeth.
Your uncanny sense of smell can sniff out nearby items.
Your experience applies equally to all skills.


Message History

The wyvern is heavily wounded.
You block the wyvern's attack. The wyvern bites you.
You hit the wyvern but do no damage.
The wyvern is heavily wounded.
You block the wyvern's attack. x2
You barely miss the wyvern.
The wyvern is moderately wounded.
You block the wyvern's attack. The wyvern bites you!
You closely miss the wyvern.
The wyvern is moderately wounded.
You block the wyvern's attack. x2
You hit the wyvern.
The wyvern is heavily wounded.
You block the wyvern's attack. x2; The wyvern bites you.
You barely miss the wyvern.
The wyvern is heavily wounded.
The wyvern bites you. You block the wyvern's attack.
You hit the wyvern but do no damage.
The wyvern is heavily wounded.
The wyvern bites you.
* * * LOW HITPOINT WARNING * * *
You block the wyvern's attack.
You hit the wyvern but do no damage.
The wyvern is heavily wounded.
The wyvern bites you but does no damage.
You block the wyvern's attack.
You barely miss the wyvern. Your bite misses the wyvern.
The wyvern is heavily wounded.
The wyvern bites you.
* * * LOW HITPOINT WARNING * * *
You block the wyvern's attack.
You closely miss the wyvern.
The wyvern is heavily wounded.
The wyvern bites you.
* * * LOW HITPOINT WARNING * * *
The wyvern barely misses you.
You barely miss the wyvern.
The wyvern is heavily wounded.
The wyvern bites you!
You die...

∆ ...#### ....... ###
#≈≈(≈≈. #.. ..# ≈≈...≈≈
#.##### ...# ≈.☼☼°.≈
#.#... ...# ≈..☼..(
#<#.# ...#
≈.)○..l##)).#+###..#####
≈≈..((≈@..........>.....
#≈≈≈≈≈#.................
##### #.................
#.................
#.................
#......†..........
#.................
#########.........
#.........


You could see a wyvern.

Vanquished Creatures
  Grinder (D:3)
  A sky beast (D:3)
  2 ogres
  A howler monkey skeleton (D:4)
  5 adders
  A worm (D:3)
  2 dart slugs
  3 ball pythons
  7 endoplasms
  3 giant cockroaches
  8 goblins
  8 hobgoblins
  3 quokkas
  3 bats
  11 kobolds
  6 rats
65 creatures vanquished.

Vanquished Creatures (others)
  A black bear (D:4)
  An ogre (D:4)
  A gnoll (D:4)
  An adder (D:4)
  A worm (D:4)
  A goblin (D:4)
  A jackal (D:4)
  A kobold (D:4)
8 creatures vanquished.

Grand Total: 73 creatures vanquished

Notes
Turn   | Place    | Note
-------+----------+-------------------------------------------
     0 | D:1      | Renzlar the Gnoll Fighter began the quest for the Orb.
     0 | D:1      | Reached XP level 1. HP: 23/23 MP: 1/1
   257 | D:1      | Found a faded altar of an unknown god.
   260 | D:1      | Reached XP level 2. HP: 29/29 MP: 2/2
   518 | D:1      | Reached XP level 3. HP: 28/35 MP: 3/3
   692 | D:2      | Reached skill level 1 in Invocations
   833 | D:2      | Reached skill level 1 in Short Blades
   833 | D:2      | Reached skill level 1 in Long Blades
   833 | D:2      | Reached skill level 1 in Maces & Flails
   833 | D:2      | Reached skill level 1 in Polearms
   833 | D:2      | Reached skill level 1 in Staves
   833 | D:2      | Reached skill level 1 in Slings
   833 | D:2      | Reached skill level 1 in Bows
   833 | D:2      | Reached skill level 1 in Crossbows
   833 | D:2      | Reached skill level 1 in Throwing
   833 | D:2      | Reached skill level 1 in Dodging
   833 | D:2      | Reached skill level 1 in Stealth
   833 | D:2      | Reached skill level 1 in Unarmed Combat
   833 | D:2      | Reached skill level 1 in Spellcasting
   833 | D:2      | Reached skill level 1 in Evocations
   845 | D:2      | Reached XP level 4. HP: 38/41 MP: 5/5
  1437 | D:3      | Found Anamn's Armour Emporium.
  1447 | D:3      | Found a stormy altar of Qazlal.
  1618 | D:3      | Noticed Grinder
  1636 | D:3      | Killed Grinder
  1637 | D:3      | Reached skill level 1 in Conjurations
  1637 | D:3      | Reached skill level 1 in Hexes
  1637 | D:3      | Reached skill level 1 in Summonings
  1637 | D:3      | Reached skill level 1 in Necromancy
  1637 | D:3      | Reached skill level 1 in Translocations
  1637 | D:3      | Reached skill level 1 in Transmutations
  1637 | D:3      | Reached skill level 1 in Fire Magic
  1637 | D:3      | Reached skill level 1 in Ice Magic
  1637 | D:3      | Reached skill level 1 in Air Magic
  1637 | D:3      | Reached skill level 1 in Earth Magic
  1637 | D:3      | Reached skill level 1 in Poison Magic
  1637 | D:3      | Reached XP level 5. HP: 15/47 MP: 5/7
  1637 | D:3      | Reached XP level 6. HP: 17/53 MP: 5/8
  2171 | D:3      | Noticed a sky beast
  2182 | D:3      | Reached skill level 5 in Axes
  2191 | D:3      | Killed a sky beast
  2271 | D:3      | Reached XP level 7. HP: 28/59 MP: 10/10
  2846 | D:4      | Found a shimmering altar of Xom.
  2931 | D:4      | Noticed a wyvern
  2948 | D:4      | Mangled by a wyvern

Illustrated notes

Levels and vault maps discovered:
D:1:      shiori_shiawase, layout_basic, shapermc_ecumenical_altar_notcrosses
D:2:      layout_basic
D:3:      layout_loops_ring, mainiacjoe_overflow_cross_hatched, serial_shops,
          shop, supply_closet_lemuel, chequers_arboretum,
          kennysheep_cross_bottleneck, hangedman_feature_mirror, uniq_grinder
D:4:      layout_basic, mainiacjoe_overflow_24_doors, xom_confusion_cloud,
          minmay_temple_entry_waves

Skill      XL: |  1  2  3  4  5  6  7 |
---------------+----------------------+-----
Invocations    | 1 2 |  2.7
Short Blades   | 1 2 |  2.4
Long Blades    | 1 2 |  2.4
Maces & Flails | 1 2 |  2.4
Polearms       | 1 2 |  2.4
Staves         | 1 2 |  2.4
Slings         | 1 2 |  2.4
Bows           | 1 2 |  2.4
Crossbows      | 1 2 |  2.4
Throwing       | 1 2 |  2.4
Dodging        | 1 2 |  2.4
Stealth        | 1 2 |  2.4
Unarmed Combat | 1 2 |  2.4
Spellcasting   | 1 2 |  2.4
Evocations     | 1 2 |  2.4
Conjurations   | 1 2 |  2.0
Hexes          | 1 2 |  2.0
Summonings     | 1 2 |  2.0
Necromancy     | 1 2 |  2.0
Translocations | 1 2 |  2.0
Transmutations | 1 2 |  2.0
Fire Magic     | 1 2 |  2.0
Ice Magic      | 1 2 |  2.0
Air Magic      | 1 2 |  2.0
Earth Magic    | 1 2 |  2.0
Poison Magic   | 1 2 |  2.0
Axes           | 5 |  5.2
Fighting       | 7 |  7.0
Armour         | 7 |  7.0
Shields        | 7 |  7.0

Action                   |  1- 3 |  4- 6 |  7- 9 || total
-------------------------+-------+-------+-------++-------
Melee: War axe           |    71 |    69 |    28 ||   168
       Bite              |     3 |     4 |     1 ||     8
 Fire: Hunting sling     |       |    13 |    16 ||    29
Throw: Stone             |    12 |       |       ||    12
  Use: Potion            |       |     1 |       ||     1
       Scroll            |       |       |     2 ||     2
Armor: Scale mail        |    37 |    29 |     4 ||    70
Dodge: Dodged            |    18 |    23 |     6 ||    47
Block: Kite shield       |    41 |    38 |    23 ||   102
